[Event "Early-Titled-Tuesday-Blitz-January-16-2024"]
[Site "Chess.com"]
[Date "2024.01.16"]
[Round "7"]
[White "CFN_Good_Evening"]
[Black "dzilleruelo"]
[Result "1-0"]
[WhiteElo "1894"]
[BlackElo "2337"]
[TimeControl "180+1"]
[EndTime "9:23:52 PST"]
[Termination "CFN_Good_Evening won by resignation"]

1. d4 d5 2. Nc3 Nf6 3. Bf4 a6 4. e3 Bg4 5. Be2 Bxe2 6. Ngxe2 Nbd7 7. O-O e6 8. Bg3 c6 9. Qd3 Qb6 10. Rab1 Be7 11. e4 dxe4 12. Nxe4 Nxe4 13. Qxe4 Nf6 14. Qd3 Rd8 15. c3 c5 16. Qc2 cxd4 17. Nxd4 O-O 18. Rfd1 Rd5 19. Nf3 Rfd8 20. Rd4 Rxd4 21. Nxd4 Qa5 22. a3 Qd5 23. Re1 Bc5 24. Re5 Qd6 25.
Rxe6 Qd7 26. Re1 Bxd4 27. cxd4 Qxd4 28. Qc7 Qd2 29. f3 Nh5 30. Bf2 Nf4 31. h3 Rf8 32. Qxb7 Rd8 33. Qc7 h6 34. a4 Rd7 35. Qc8+ Kh7 36.
b4 Nd3 37. Rf1 Nxb4 38. Qc4 Qd3 39. Qxb4 h5 40. Qe4+ Qxe4 41. fxe4 Re7 42. Re1 Kg6 43. Bc5 Re6 44. e5 f6 45. Bd6 Kf5 46. Rf1+ Kg6 47.
Bb8 fxe5 48. Re1 e4 49. Kf2 Kf5 50. Ke3 g5 51. Rf1+ Kg6 52. g4 hxg4 53. hxg4 Re8 54.
Bc7 Re6 55. a5 Re8 56. Bb6 Re6 57. Rf5 Kh6 58. Rd5 Kg6 59. Bc5 Kf6 60. Rd6 Rxd6 61. Bxd6 Ke6 62. Bc7 Kd5 63. Bd8 Ke5 64. Bxg5 Kd5 65.
Bd8 Ke5 66. g5 Kf5 67. Be7 Ke5 68. Bf6+ Kf5 69. Kd4 Kf4 70. Be5+ Kxg5 71. Kxe4 Kg6 72. Kd5 Kf7 73. Kc6 Ke8 74. Kb6 Kd7 75. Kxa6 Kc6 76. Ka7 Kb5 77. a6 Kc6 78. Bf4 1-0

[Event "Early-Titled-Tuesday-Blitz-January-16-2024"]
[Site "Chess.com"]
[Date "2024.01.16"]
[Round "7"]
[White "DreamsAreFake"]
[Black "Shield12"]
[Result "0-1"]
[WhiteElo "2760"]
[BlackElo "3006"]
[TimeControl "180+1"]
[EndTime "9:23:53 PST"]
[Termination "Shield12 won on time"]

1. Nf3 c5 2. g3 Nf6 3. Bg2 g6 4. b3 Bg7 5. Bb2 Nc6 6. O-O O-O 7. Ne5 Nxe5 8. Bxe5 d6 9. Bb2 d5 10. e3 Bg4 11.
Qe1 Qd7 12. Nc3 Bh3 13. Ne2 Bxg2 14. Kxg2 Rfd8 15. d3 Rac8 16. Rd1 Qc7 17. Ng1 e5 18. c4 Re8 19. e4 d4 20. h3 Nh5 21. Bc1 Qd7 22. Qe2 a6 23. Bd2 b5 24. Rc1 b4 25.
Qg4 Qc6 26. Kh2 a5 27. a4 bxa3 28. Ra1 a4 29. Rxa3 axb3 30. Rxb3 Rb8 31. Rfb1 Rxb3 32. Rxb3 Ra8 33. Qd1 Nf6 34. Qb1 Nd7 35. Rb7 Nf8 36.
Nf3 Ne6 37. Rb8+ Nf8 38. h4 h6 39. h5 g5 40. Kg2 Kh7 41. Nh2 Rxb8 42. Qxb8 f5 43.
f3 Qd7 44. Qa8 f4 45. Ng4 fxg3 46. Kxg3 Qf7 47. Qd5 Qxh5 48. Kg2 Ng6 49. Qxc5 Nh4+ 50. Kg3 Nxf3 51. Kxf3 Qh3+ 52. Kf2 Qxg4 53. Qb4 Qh4+ 54.
Ke2 Qh5+ 55. Ke1 g4 56. c5 g3 57. c6 Qh1+ 58. Ke2 g2 0-1

[Event "Early-Titled-Tuesday-Blitz-January-16-2024"]
[Site "Chess.com"]
[Date "2024.01.16"]
[Round "7"]
[White "rasmussvane"]
[Black "blitzking1729"]
[Result "1-0"]
[WhiteElo "3001"]
[BlackElo "2695"]
[TimeControl "180+1"]
[EndTime "9:23:53 PST"]
[Termination "rasmussvane won on time"]

1. Nf3 g6 2. e4 Bg7 3. d4 d6 4.
Bd3 Nf6 5. O-O O-O 6. h3 Nc6 7.
d5 Nb4 8. Re1 Nxd3 9. Qxd3 e5 10. dxe6 Bxe6 11. Nc3 Re8 12. Be3 h6 13. Rad1 Qc8 14.
Bd4 Kh7 15. a3 a6 16. Ne2 b5 17. b3 Rd8 18. Nf4 c5 19. Bxf6 Bxf6 20. Nd5 Bxd5 21.
Qxd5 Ra7 22. c4 bxc4 23. Qxc4 Kg7 24. Rd3 Re7 25. Kh2 Qc7 26. g3 Rde8 27. Qxa6 Rxe4 28. Rxe4 Rxe4 29. Rxd6 Qe7 30. Rd2 Bc3 31. Rc2 Bd4 32. Qd3 Bf6 33. Kg2 Re6 34. Qd5 c4 35. Rxc4 Qxa3 36. Rc7 Be7 37. Nd4 Re1 38. Nc6 Qd6 39.
Qxd6 Bxd6 40. Rd7 Re6 41. Nd4 Rf6 42. Rb7 Kf8 43. b4 Be5 44. Nf3 Bc3 45. b5 Ba5 46.
g4 Bb6 47. Rd7 g5 48. Rd5 Ke7 49. Nd4 Bxd4 50. Rxd4 Rb6 51. Rb4 Kd6 52. Kf3 Kc5 53. Rb2 Kd4 54. Rb1 Rf6+ 55. Ke2 Rb6 56. Rb2 f5 57.
gxf5 Ke5 58. Kd3 Kxf5 59. Kc4 g4 60. hxg4+ Kxg4 61. Kc5 Rb8 62. b6 h5 63. b7 h4 64. Kc6 h3 65. Rb4+ Kf3 66. Rh4 Kg2 67. Kc7 1-0

[Event "Early-Titled-Tuesday-Blitz-January-16-2024"]
[Site "Chess.com"]
[Date "2024.01.16"]
[Round "7"]
[White "Millerkallpa"]
[Black "wild3000"]
[Result "1-0"]
[WhiteElo "2149"]
[BlackElo "2375"]
[TimeControl "180+1"]
[EndTime "9:23:58 PST"]
[Termination "Millerkallpa won by checkmate"]

1. e4 e6 2. d4 d5 3. e5 c5 4. c3 Nc6 5. Nf3 Nge7 6. Bd3 Nf5 7. Bxf5 exf5 8. O-O Be6 9. a3 a5 10. Re1 Be7 11.
dxc5 Bxc5 12. Nd4 O-O 13. Qd3 Qh4 14. g3 Qh3 15. Nd2 f4 16. N2f3 fxg3 17. hxg3 h6 18.
Be3 Nxd4 19. Bxd4 Be7 20. Qb5 Rfb8 21. Bc5 Bg5 22. Be3 Bxe3 23. Rxe3 a4 24. Nd4 Bg4 25. Rae1 Rd8 26. e6 fxe6 27. Nxe6 Bxe6 28. Rxe6 d4 29.
Re8+ Rxe8 30. Rxe8+ Rxe8 31. Qxe8+ Kh7 32. Qe4+ Kg8 33. Qxd4 b5 34. Qd5+ Kh7 35. Qxb5 Qg4 36. Qd3+ g6 37. Qd4 Qe2 38. Qd7+ Kg8 39. Qd8+ Kg7 40. Qd7+ Kg8 41. Qxa4 Qxb2 42. Qe8+ Kg7 43. Qe7+ Kg8 44. Qb4 Qc1+ 45. Kh2 Qe1 46. Qb8+ Kh7 47. Qc7+ Kg8 48. Qd8+ Kg7 49. Qd4+ Kh7 50. a4 Qa1 51. Qd7+ Kg8 52. Qe8+ Kg7 53. Qe7+ Kg8 54. Qe6+ Kg7 55. Qd7+ Kg8 56. Qd4 Qa2 57. Kg2 h5 58. Qd8+ Kg7 59. Qc7+ Kh6 60. a5 Qd5+ 61. Kh2 Qd2 62.
Qf4+ Qxf4 63. gxf4 g5 64. a6 g4 65. a7 Kg6 66.
a8=Q h4 67. Qc6+ Kh5 68. Qd5+ Kg6 69. Qg5+ Kh7 70. Qxg4 h3 71. Kxh3 Kh6 72. f5 Kh7 73. f6 Kh8 74. Qg7# 1-0

[Event "Early-Titled-Tuesday-Blitz-January-16-2024"]
[Site "Chess.com"]
[Date "2024.01.16"]
[Round "7"]
[White "AldokhinIvan"]
[Black "alexrustemov"]
[Result "1/2-1/2"]
[WhiteElo "2602"]
[BlackElo "2843"]
[TimeControl "180+1"]
[EndTime "9:24:02 PST"]
[Termination "Game drawn by repetition"]

1. e4 e6 2. d4 d5 3. Nc3 dxe4 4. Nxe4 Bd7 5. Bd3 Bc6 6. Nf3 Nd7 7. Qe2 Ngf6 8. Ng3 Bxf3 9. Qxf3 c6 10. O-O Be7 11. Bf4 O-O 12. Rfd1 Qa5 13. Nf1 Qh5 14. Qg3 Qg4 15. c4 Qxg3 16. hxg3 Rfd8 17. Be2 Nf8 18. Bf3 Ng6 19. Be3 Rd7 20. Nd2 Rad8 21. Nb3 a6 22.
Na5 Bb4 23. Nb3 Bd6 24. Kf1 Ne7 25. g4 h6 26. Ke2 Ng6 27. g3 Be7 28. a4 Ne8 29. a5 Nd6 30. Nc5 Nxc4 31. Nxd7 Rxd7 32. Rdc1 Nd6 33. Bxc6 bxc6 34. Rxc6 Ra7 35. d5 Ra8 36. dxe6 fxe6 37. Rd1 Nb5 38. Rxe6 Kf7 39. Rb6 Bf6 40. f4 Bxb2 41. Rd7+ Kg8 42. Rxg6 Bf6 43. f5 Re8 44. Kd3 Rc8 45. Bxh6 Rc3+ 46. Kd2 Rc7 47. Rxc7 Nxc7 48. Bf4 Nd5 49. g5 Bc3+ 50. Kd3 Bxa5 51. Rxa6 Nb4+ 52. Kc4 Nxa6 53. Kb5 Nc5 54. Kxc5 g6 55. g4 Kf7 56. Kd5 Bd8 57. Ke4 Be7 58. Be3 Bd8 59.
Bf4 Be7 60. f6 Bd8 61. Kd5 Ba5 62. Ke4 Be1 63. Be3 Bb4 64. Kd5 Bc3 65. Kc6 Be1 66. Kd7 Bc3 67. Kd6 Be1 68. Kd5 Bc3 69. Ke4 Bb4 70. Kf3 Bc3 71. Bf4 Ke6 72. Ke4 Bb4 73. Be3 Ba5 74. Bd4 Bb4 75. Be3 Bc3 76. Bd4 Bb4 77. Be3 1/2-1/2

[Event "Early-Titled-Tuesday-Blitz-January-16-2024"]
[Site "Chess.com"]
[Date "2024.01.16"]
[Round "7"]
[White "MokshAD1603"]
[Black "eCztery"]
[Result "0-1"]
[WhiteElo "2594"]
[BlackElo "2469"]
[TimeControl "180+1"]
[EndTime "9:24:03 PST"]
[Termination "eCztery won by checkmate"]

1. e4 c5 2. Nf3 g6 3. d4 cxd4 4.
Nxd4 Nc6 5. c4 Nf6 6. Nc3 Nxd4 7. Qxd4 d6 8. Bg5 Bg7 9. Be2 O-O 10. Qd2 a5 11. O-O a4 12. Rfd1 Qa5 13. Rab1 Be6 14. f3 Rfc8 15. Nd5 Bxd5 16. exd5 Nd7 17. Qxa5 Rxa5 18.
Bd3 Kf8 19. Re1 Bd4+ 20. Kh1 f6 21. Bd2 Raa8 22. f4 Rc7 23. Re4 Ba7 24. Bc2 f5 25. Re2 Rxc4 26. Bc3 Rxf4 27. Rbe1 Ne5 28. Bxe5 dxe5 29.
Rxe5 Bc5 30. Bd3 Rd8 31. Bb5 Rb4 32. Bf1 Rxb2 33. Rc1 Bd6 34. Ree1 Rxa2 35. Rb1 Rd7 36.
Rec1 Kg7 37. g3 Rd2 38. Bb5 Rd8 39. Bxa4 Rxd5 40. Rxb7 Rd2 41. Re1 Ra8 42. Bb3 Rb2 43.
Bd5 Rxb7 44. Bxb7 Ra2 45. Bd5 Rb2 46. Ra1 Kf6 47. Ra8 h5 48. Ra2 Rb5 49. Bc4 Rc5 50. Be2 h4 51. gxh4 Re5 52. Kg2 Re4 53. h5 gxh5 54.
Bxh5 Rh4 55. Be2 Rxh2+ 56. Kf1 Kg5 57. Ra4 Bc5 58. Rc4 Be3 59. Rc7 e5 60. Rc2 Kf4 61. Bd3 Rh1+ 62. Kg2 Rg1+ 63. Kh2 e4 64. Bc4 Rg5 65.
Bf1 Rh5+ 66. Bh3 Kf3 67. Rc8 f4 68. Rg8 Bf2 69. Rg6 Bg3+ 70. Kg1 Rxh3 71. Ra6 e3 72.
Ra2 Bf2+ 73. Kf1 Rh1# 0-1

[Event "Early-Titled-Tuesday-Blitz-January-16-2024"]
[Site "Chess.com"]
[Date "2024.01.16"]
[Round "7"]
[White "crazy_m_attack"]
[Black "Adar_07"]
[Result "1-0"]
[WhiteElo "2481"]
[BlackElo "2658"]
[TimeControl "180+1"]
[EndTime "9:24:04 PST"]
[Termination "crazy_m_attack won on time"]

1. e4 c6 2. d4 d5 3. Nc3 dxe4 4.
Nxe4 Nf6 5. Nxf6+ gxf6 6. c3 Bf5 7. Bd3 Bxd3 8. Qxd3 e6 9. Nf3 f5 10. Bf4 Nd7 11.
O-O-O Qa5 12. Kb1 Rg8 13. g3 Be7 14. Rhe1 O-O-O 15. Qc2 Qb6 16. Nd2 Qa6 17. Nb3 Nb6 18. Qe2 Qxe2 19. Rxe2 Nd5 20. Bd2 b6 21. c4 Nf6 22. f3 a5 23. a4 Kb7 24. c5 Nd5 25.
cxb6 Bb4 26. Bxb4 Nxb4 27. Nxa5+ Kxb6 28. Nc4+ Ka6 29. Ne5 f6 30. Nd3 Nxd3 31. Rxd3 e5 32.
Rc3 exd4 33. Rxc6+ Ka5 34. Rd2 f4 35. g4 f5 36.
Rc5+ Kb4 37. Rxf5 d3 38. Ka2 Rd4 39. Rb5+ Kc4 40. Rb3 Rgd8 41. a5 R4d6 42. Rc3+ Kb4 43. Ra3 Kc4 44. a6 Ra8 45. Rc3+ Kb4 46. Rcxd3 Rdxa6+ 47. Kb1 Ra1+ 48. Kc2 R1a2 49. Rd4+ Kc5 50. Rxf4 Rc8 51.
Kb3 Rca8 52. Rc2+ Kd6 53. Rf5 R2a7 54. Rd2+ Ke6 55. Kc2 Rc7+ 56. Kd1 Ra1+ 57. Ke2 Rcc1 58. Ke3 Re1+ 59. Kf4 Rh1 60. Kg5 Ra4 61. Re2+ Kd7 62.
Kh6 Rg1 63. Kxh7 Ra6 64. Rf7+ Kd8 65. Kg7 Rd1 66. h4 Rdd6 67. h5 Rh6 68. Rf8+ Kd7 69. Rd2+ Ke7 70. Rf7+ Ke8 71. Re2+ Kd8 72. f4 Rhc6 73. g5 Rab6 74. h6 Rg6+ 75. Kf8 1-0

[Event "Early-Titled-Tuesday-Blitz-January-16-2024"]
[Site "Chess.com"]
[Date "2024.01.16"]
[Round "7"]
[White "FMVolodymyrSakun"]
[Black "falzehope0"]
[Result "1-0"]
[WhiteElo "2553"]
[BlackElo "2374"]
[TimeControl "180+1"]
[EndTime "9:24:04 PST"]
[Termination "FMVolodymyrSakun won by resignation"]

1. e4 d6 2. d4 Nf6 3. Nc3 Nbd7 4. f3 c6 5. Be3 e5 6. Nge2 Be7 7. g4 h6 8. Bg2 Qb6 9. b3 d5 10. Na4 Qc7 11. h3 dxe4 12. fxe4 exd4 13. Bxd4 O-O 14.
O-O Ne5 15. Qe1 Ng6 16. Qg3 Bd6 17. Qf2 Nd7 18. c4 Nde5 19. Rad1 Be6 20. Nb2 Rfd8 21. Nd3 Be7 22. Ndf4 Bh4 23. Qe3 Bg5 24. Qg3 Nxf4 25. Nxf4 Rxd4 26. Rxd4 Qb6 27. Rd1 Rd8 28. Ne2 Bf6 29. Kh1 Re8 30. R4d2 Ng6 31. Nd4 Be5 32. Qf2 Bc8 33. Nf5 Qa5 34. Nd6 Rf8 35. Nxc8 Rxc8 36. Qf5 Rf8 37. Bf1 Qc3 38. Bg2 Qg3 39. Kg1 Nh4 40.
Qf2 Qh2+ 41. Kf1 Bg3 42. Qg1 Nxg2 43. Qxh2 Ne3+ 44. Ke2 Bxh2 45. Kxe3 Be5 46. Rd7 Bf6 47. Rxb7 a5 48. Rdd7 Re8 49. Rxf7 Be5 50. Rfe7 Rxe7 51. Rxe7 Bc3 52. Kd3 Bb4 53. Rc7 c5 54. Kc2 Ba3 55. Ra7 Bb4 56. Kb2 Bd2 57. Rc7 Bb4 58.
a3 Bd2 59. Rxc5 Bf4 60. Rc6 Kf8 61. b4 axb4 62. axb4 Ke7 63. b5 Kd7 64. Rg6 Kc8 65.
Kb3 Be5 66. c5 Bf6 67. Kc4 Kd8 68. Kd5 Ke7 69. c6 Ke8 70. b6 Kd8 71. Ke6 Bd4 72. b7 Kc7 73. Kd5 Bc3 74. Re6 Bf6 75. Re8 Bd8 76. Rxd8 Kxd8 77. b8=Q+ Ke7 78. Qb7+ Kf6 79.
Qd7 Kg6 80. Ke6 Kg5 81. Qxg7+ Kh4 82. Qxh6+ Kg3 83. g5 Kf4 84. g6+ Kxe4 85. g7 Kd4 86. g8=Q Kc5 87. Qgg5+ Kxc6 88. Qhh4 Kc7 89. Qd4 Kb7 90.
Qgc5 Ka6 1-0

[Event "Early-Titled-Tuesday-Blitz-January-16-2024"]
[Site "Chess.com"]
[Date "2024.01.16"]
[Round "7"]
[White "Pastore1978"]
[Black "Arimin1329"]
[Result "1/2-1/2"]
[WhiteElo "2281"]
[BlackElo "2411"]
[TimeControl "180+1"]
[EndTime "9:24:05 PST"]
[Termination "Game drawn by stalemate"]

1. e4 c6 2. d4 d5 3. exd5 cxd5 4. Bd3 Nc6 5. c3 Nf6 6. Bf4 Bg4 7. Qb3 Qd7 8. Nd2 e6 9. Ngf3 Bxf3 10. Nxf3 a6 11. O-O Bd6 12. Bxd6 Qxd6 13. Rfe1 O-O 14. Ne5 b5 15.
Re3 Na5 16. Qd1 Nc4 17. Bxc4 bxc4 18. g4 Rab8 19. Rh3 Ne4 20. Qe2 f6 21. Nxc4 Qf4 22. Ne3 Rb6 23. Rf3 Qh6 24. Ng2 Rfb8 25. b3 Rc8 26. Qe3 Rxc3 27. Qxh6 gxh6 28. Rxc3 Nxc3 29. Nf4 e5 30. Nh5 exd4 31. Kf1 d3 32. Ke1 Ne4 33. f3 Ng5 34. Kf2 Re6 35. Rd1 Re2+ 36. Kg3 d2 37. Nf4 Re3 38. Nxd5 Rxf3+ 39. Kg2 Rd3 40. Nxf6+ Kf7 41.
Nh5 Ne4 42. Nf4 Rd8 43. Ne2 Ke6 44. Kf3 Ke5 45. h3 Rd3+ 46. Kg2 Nf6 47. Ng1 Nd5 48.
Nf3+ Kf4 49. Nxd2 Ne3+ 50. Kf2 Nxd1+ 51. Ke2 Rxd2+ 52. Kxd2 Nf2 53. a4 Nxh3 54. b4 Ke5 55. Ke3 Ng5 56. Kd3 Ne6 57. Ke3 Nc7 58. Kd3 Nd5 59. b5 axb5 60. a5 Nb6 61. axb6 Kd6 62. b7 Kc7 63. Kd4 Kxb7 64. Kc5 Ka6 65. Kb4 Kb6 66.
Kb3 Kc5 67. Kc3 b4+ 68. Kb3 Kd4 69. Kxb4 Ke4 70. Kc4 Kf4 71. Kd3 Kxg4 72. Ke2 Kh3 73. Kf1 Kh2 74. Kf2 h5 75. Kf1 Kg3 76. Kg1 h4 77. Kh1 h3 78. Kg1 h2+ 79. Kh1 Kh3 1/2-1/2

[Event "Early-Titled-Tuesday-Blitz-January-16-2024"]
[Site "Chess.com"]
[Date "2024.01.16"]
[Round "7"]
[White "GeorgiosSouleidis"]
[Black "klimkoj"]
[Result "1/2-1/2"]
[WhiteElo "2684"]
[BlackElo "2869"]
[TimeControl "180+1"]
[EndTime "9:24:07 PST"]
[Termination "Game drawn - insufficient material"]

1. e4 e6 2. d4 d5 3. Nc3 Nf6 4. Bg5 Bb4 5. e5 h6 6. Bd2 Bxc3 7. bxc3 Ne4 8. Bc1 c5 9. Ne2 cxd4 10. cxd4 Qc7 11. f3 Nc3 12. Qd2 Nxe2 13. Bxe2 b6 14. Ba3 Ba6 15. Bxa6 Nxa6 16. O-O Rc8 17.
Rac1 Qc3 18. Qxc3 Rxc3 19. Bb2 Rc4 20. c3 h5 21. Kf2 Kd7 22. Ke3 Nc7 23. Kd3 Nb5 24.
Ra1 Ra4 25. Rfc1 Rc8 26. g3 f6 27. exf6 gxf6 28. Re1 Nd6 29. a3 Ra5 30. Bc1 Rb5 31. a4 Rb3 32. Bd2 Nc4 33. Rec1 e5 34. dxe5 fxe5 35.
Rc2 Rb2 36. Rxb2 Nxb2+ 37. Ke2 Nc4 38. h4 e4 39. fxe4 dxe4 40. Bf4 Ke6 41. Rd1 Nb2 42. Rd6+ Kf7 43. Rd7+ Ke6 44. Rd6+ Ke7 45. Rd4 Rxc3 46. Rxe4+ Kf7 47. a5 Rc2+ 48. Kf3 bxa5 49. Rd4 a4 50. Rd7+ Ke6 51. Rxa7 Rc3+ 52. Ke4 Rc4+ 53. Kf3 Rc3+ 54. Ke4 Rc4+ 55. Kf3 Kd5 56. Ra5+ Rc5 57. Ra8 Kc4 58. g4 hxg4+ 59. Kxg4 Kb3 60. Bd6 Rc4+ 61.
Kg5 Rc6 62. Be7 Nc4 63. h5 Re6 64. Bf8 Ne5 65. Rb8+ Kc3 66. Rc8+ Kd3 67. Ra8 Nf7+ 68. Kf5 Re5+ 69. Kf6 Rxh5 70. Kxf7 Rh4 71. Bg7 Rc4 72. Be5 Kc2 73. Ke6 Kb3 74. Kd5 Rb4 75. Bd4 a3 76.
Bc5 Ra4 77. Rxa4 Kxa4 78. Bxa3 1/2-1/2

[Event "Early-Titled-Tuesday-Blitz-January-16-2024"]
[Site "Chess.com"]
[Date "2024.01.16"]
[Round "7"]
[White "Aygehovit1992"]
[Black "Leebit02"]
[Result "0-1"]
[WhiteElo "2705"]
[BlackElo "2565"]
[TimeControl "180+1"]
[EndTime "9:24:08 PST"]
[Termination "Leebit02 won by resignation"]

1. e4 c5 2. Nc3 Nc6 3. Bb5 Nd4 4. Nf3 a6 5. Bd3 g6 6. O-O Bg7 7. Re1 e6 8. e5 Ne7 9. Ne4 Nec6 10. Nd6+ Kf8 11.
Nxd4 cxd4 12. f4 h5 13. b3 Kg8 14. Qf3 b5 15. a4 b4 16. Bb2 Rb8 17. Be4 Qb6 18. d3 a5 19. Qf2 Ba6 20. Re2 Bf8 21. Rf1 Qc5 22. Bxc6 Qxc6 23. Bxd4 h4 24. Ne4 Be7 25.
Bc5 Bd8 26. Re3 Bb7 27. Rh3 Rc8 28. Rc1 Rh5 29. Be3 Be7 30. g4 hxg3 31. Qxg3 Rxh3 32. Qxh3 Kg7 33. f5 exf5 34. Ng3 Rh8 35. Qf1 Qf3 36. Qxf3 Bxf3 37. Bd4 Rc8 38. e6+ f6 39. exd7 Rd8 40. Kf2 Bc6 41. Bb6 Rxd7 42. Bxa5 Bc5+ 43. Kf1 f4 44. Ne4 Be3 45. Re1 Bxe4 46. dxe4 Rd2 47. Re2 Rd1+ 48. Kg2 g5 49. h3 Rg1+ 50. Kh2 Rf1 51.
Bxb4 Bd4 52. Kg2 Rg1+ 53. Kh2 Rg3 54. a5 Bg1+ 55. Kh1 Ba7 56. Be1 Rxh3+ 57. Kg2 g4 58. Rf2 f3+ 59. Kg1 g3 60. a6 gxf2+ 61. Bxf2 Bxf2+ 62. Kxf2 Rh8 63. b4 Kf7 64. b5 Ra8 65. c4 Ke7 66. Kxf3 Kd6 67. Ke3 Kc5 68. Kd3 Ra7 69.
Kc3 Re7 70. Kb3 Rxe4 71. Ka4 Kb6 72. Kb4 f5 73. Kc3 f4 74. Kd3 Re8 75. Kd4 f3 76. c5+ Kxb5 77. a7 f2 78. a8=Q Rxa8 0-1

[Event "Early-Titled-Tuesday-Blitz-January-16-2024"]
[Site "Chess.com"]
[Date "2024.01.16"]
[Round "7"]
[White "stasOR4ik"]
[Black "Felix-Rose"]
[Result "1-0"]
[WhiteElo "2408"]
[BlackElo "2209"]
[TimeControl "180+1"]
[EndTime "9:24:09 PST"]
[Termination "stasOR4ik won by resignation"]

1. e4 e5 2. Nf3 Nc6 3. Bb5 a6 4. Ba4 Nf6 5. O-O b5 6. Bb3 Bc5 7.
c3 d6 8. d4 Bb6 9. dxe5 Nxe5 10.
Nxe5 dxe5 11. Qxd8+ Kxd8 12. Bg5 Ke7 13. Bd5 Ra7 14.
a4 Be6 15. a5 Bc5 16. b4 Bd6 17. Rd1 h6 18. Be3 Bxd5 19. Bxa7 Bxe4 20. Nd2 Bd3 21. Nb3 Bc2 22. Nd2 Bxd1 23. Rxd1 Ra8 24. Be3 Rc8 25.
Nb3 Ne4 26. Rc1 c5 27. f3 c4 28. Na1 Nf6 29. Nc2 Nd5 30. Bd2 f5 31. Kf1 Ke6 32. Ke2 Be7 33. Ne3 Nf4+ 34. Kf1 Rd8 35. Rd1 Nd3 36. g4 g6 37. Ke2 Bg5 38. Rh1 Nf4+ 39.
Ke1 Rxd2 40. Kxd2 Ng2 41. h4 Bxe3+ 42. Ke2 Bf4 43. h5 g5 44. Rd1 fxg4 45. fxg4 Ne3 46. Rd8 Nxg4 47. Ra8 Kf5 48. Rxa6 Nf6 49. Rb6 g4 50. a6 Ne4 51. a7 Nxc3+ 52. Kf1 g3 53. a8=Q Ne4 54. Qf8+ Kg4 55. Qg8+ Kf3 56. Rg6 Nd2+ 57. Ke1 Ne4 58. Rg4 c3 59. Kd1 Nf2+ 60. Kc2 Nxg4 61. Qd5+ e4 62. Qd1+ Kf2 63. Qxg4 g2 64.
Qxf4+ Ke1 65. Qxe4+ Kf1 66. Qf3+ Kg1 67. Kxc3 Kh1 68.
Kd4 Kh2 69. Qf4+ Kh1 70. Qh4+ Kg1 71. Kc5 Kf1 72. Qf4+ Ke1 73. Qe3+ Kf1 74. Qf3+ Kg1 75. Kxb5 Kh1 76. Qh3+ Kg1 77. Kc5 Kf1 78. Qxg2+ Kxg2 79. b5 1-0

[Event "Early-Titled-Tuesday-Blitz-January-16-2024"]
[Site "Chess.com"]
[Date "2024.01.16"]
[Round "7"]
[White "Hikaru"]
[Black "FairChess_on_YouTube"]
[Result "1/2-1/2"]
[WhiteElo "3221"]
[BlackElo "3094"]
[TimeControl "180+1"]
[EndTime "9:24:10 PST"]
[Termination "Game drawn by 50-move rule"]

1. e4 c5 2. Nf3 e6 3. d4 cxd4 4. Nxd4 Nc6 5. Nc3 a6 6. Be3 Nf6 7. Qf3 Qc7 8. O-O-O Rb8 9. Qg3 Qxg3 10. hxg3 Ng4 11. Nxc6 bxc6 12. Ba7 Rb7 13. Be2 Rxa7 14. Bxg4 d6 15. f4 g6 16. Na4 Rb7 17. c4 Rb4 18. b3 Ke7 19. Kc2 Bg7 20. a3 Rb8 21. b4 a5 22. c5 d5 23. exd5 cxd5 24. Nb6 axb4 25. axb4 Ba6 26. Rhe1 Rxb6 27. cxb6 Rc8+ 28. Kb1 Rc4 29.
Rxd5 Rxb4+ 30. Kc1 Rxb6 31. Rc5 Bd4 32. Rc7+ Kf6 33.
Rd1 Be3+ 34. Kc2 Bb5 35. Ra1 Bf2 36. Ra3 Rc6+ 37. Rxc6 Bxc6 38. Bf3 Bb5 39. g4 Bg3 40. g5+ Kg7 41. Bc6 Bxc6 42. Rxg3 e5 43. fxe5 Bd5 44. Kd3 Be6 45. Ke3 Bd5 46. Kd4 Be6 47. Rc3 Ba2 48.
Rh3 Be6 49. Rh4 Bb3 50. Kc5 Ba2 51. Kd6 Bb3 52. Rb4 Ba2 53. Rb2 Bc4 54. Ke7 Bd5 55.
Rf2 Bc4 56. Rd2 Be6 57. Rd8 Bc4 58. Rd6 Bb3 59. Rd7 Ba2 60. Kd6 Bb3 61. Re7 Ba2 62.
Rc7 Bb3 63. Rc3 Ba2 64. Rc1 Bb3 65. Ke7 Ba2 66. Rd1 Bb3 67. Rd2 Bc4 68. Rb2 Bd5 69. Kd6 Be6 70. Rf2 Bc4 71. Rf6 Bb3 72. Ke7 Ba2 73. Rf4 Bb3 74. Rh4 Ba2 75. Rh1 Bd5 76.
Rg1 Bc4 77. Rd1 Bb3 78. Rd2 Bc4 79. Rf2 Bb3 80. Kd6 Bc4 81. Kc5 Be6 82. Kd4 Bb3 83. Rf6 Ba2 84. Rb6 Kg8 85. Rd6 Kg7 86. Kc3 Kf8 87.
Rd8+ Kg7 88. Re8 Bd5 89. Kd4 Ba2 90. Kc5 Bb3 91. Re7 Ba2 92. Rb7 Be6 93. Rb6 1/2-1/2

[Event "Early-Titled-Tuesday-Blitz-January-16-2024"]
[Site "Chess.com"]
[Date "2024.01.16"]
[Round "7"]
[White "Mikasinski"]
[Black "Schachmalanders"]
[Result "1-0"]
[WhiteElo "2612"]
[BlackElo "2458"]
[TimeControl "180+1"]
[EndTime "9:24:14 PST"]
[Termination "Mikasinski won by checkmate"]

1. e4 d5 2. exd5 Qxd5 3. Nc3 Qd8 4. Bc4 Nf6 5. Nf3 e6 6. d4 c5 7. d5 exd5 8. Nxd5 Nxd5 9. Bxd5 Be7 10. O-O O-O 11.
Re1 Nc6 12. c3 Bg4 13. h3 Bh5 14. Bf4 Bf6 15. Bd6 Re8 16. Rxe8+ Qxe8 17. Bxc5 Rd8 18. Qe1 h6 19. Qxe8+ Rxe8 20. Re1 Rd8 21. Be4 Bxf3 22. Bxf3 Ne5 23. Be4 b6 24. Bd4 Nc4 25. Bxf6 gxf6 26.
b3 Ne5 27. f4 Ng6 28. Bxg6 fxg6 29. Re7 a5 30. Re6 Rd1+ 31. Kh2 Kf7 32. Rxb6 Rd2 33. a4 g5 34. fxg5 hxg5 35. Rb5 Rb2 36. b4 axb4 37. cxb4 Kg6 38. a5 f5 39. Rb6+ Kh5 40. a6 f4 41. a7 Ra2 42. Rb7 f3 43. a8=Q Rxa8 44. gxf3 Kg6 45. Kg3 Ra1 46. b5 Rg1+ 47. Kf2 Rb1 48.
b6 Kf5 49. Rb8 Kf4 50. Rf8+ Ke5 51. Rg8 Rxb6 52. Rxg5+ Kf4 53. Rg4+ Kf5 54. Kg3 Rb1 55. Rf4+ Kg5 56. h4+ Kh5 57. Rf5+ Kh6 58. Rc5 Rg1+ 59.
Kf4 Rh1 60. h5 Rh4+ 61. Kg3 Rh1 62. Kg4 Rg1+ 63. Kf4 Rh1 64. Rc8 Rh4+ 65. Kg3 Rh1 66. f4 Rxh5 67. Kg4 Ra5 68. Re8 Kg7 69. Rb8 Kf7 70. Rb6 Rc5 71. f5 Ra5 72. Kg5 Rc5 73. Rb7+ Kf8 74. Kg6 Rc1 75. Rb8+ Ke7 76. f6+ Ke6 77.
Re8+ Kd7 78. Re2 Rg1+ 79. Kf7 Rh1 80. Kg7 Rg1+ 81. Kf8 Rg3 82. f7 Rg4 83. Rd2+ Ke6 84. Ke8 Ra4 85. Re2+ Kf6 86. Rf2+ Kg6 87. Rg2+ Kf6 88.
f8=Q+ Ke6 89. Qe7+ Kd5 90. Rd2+ Kc6 91. Qd7+ Kb6 92.
Rd6+ Kc5 93. Qc6+ Kb4 94. Rd4+ Ka3 95. Qxa4+ Kb2 96. Rd2+ Kc1 97. Qc2# 1-0

[Event "Early-Titled-Tuesday-Blitz-January-16-2024"]
[Site "Chess.com"]
[Date "2024.01.16"]
[Round "7"]
[White "JimDiGrease"]
[Black "KacperKacprzak"]
[Result "0-1"]
[WhiteElo "2971"]
[BlackElo "2711"]
[TimeControl "180+1"]
[EndTime "9:24:15 PST"]
[Termination "KacperKacprzak won on time"]

1. d4 Nf6 2. c4 e6 3. Bf4 b6 4. Nc3 Bb7 5. e3 Bb4 6. Ne2 O-O 7. a3 Bxc3+ 8. Nxc3 d6 9. Bd3 Qe7 10. O-O Nbd7 11.
h3 e5 12. Bg3 Rfe8 13. Qc2 h6 14. Rfd1 a6 15. Bh4 Qf8 16. d5 g5 17. Bg3 Nc5 18. Be2 Bc8 19. b4 Nb7 20. e4 Bd7 21. Qd2 Nh7 22. Rab1 Qg7 23. Qe3 Nf8 24. Bg4 Rad8 25. f3 Ng6 26. Bf2 Nf4 27. Kh2 Rf8 28. g3 Ng6 29. Bf5 Ne7 30. g4 Ng6 31. Bg3 Nf4 32. h4 Qf6 33. h5 Kg7 34. Kg1 Rfe8 35. Qd2 Qe7 36. Kh2 Rb8 37. Bf2 Rec8 38. Rdc1 Nd8 39.
Nd1 Qe8 40. Bxd7 Qxd7 41. Ne3 Kh7 42. Nf5 Nb7 43. Be3 Qa4 44. Rc3 Qd7 45. Qc2 a5 46. Rc1 Ra8 47. c5 bxc5 48. bxc5 dxc5 49. Bxc5 Ra6 50.
Be3 Nd6 51. Rxc7 Rxc7 52. Qxc7 Qxc7 53. Rxc7 Nxf5 54. Rxf7+ Ng7 55. Re7 Nd3 56. Rd7 Kg8 57. Kg2 Kf8 58. Kf1 Ne8 59. Ke2 Nf4+ 60. Kd2 a4 61. Bc5+ Kg8 62. Kc3 Ra8 63. Kc4 Rc8 64. Kb5 Nd3 65. Bb4 Rb8+ 66. Kxa4 Ra8+ 67. Kb3 Rb8 68. Re7 Nd6 69. Rxe5 Nxe5 70. Kc3 Nef7 71.
Kd4 Nb5+ 72. Kc5 Nbd6 73. Kd4 Rc8 74. Bc5 Nb5+ 75. Kc4 Nxa3+ 76. Kb4 Nc2+ 77. Kb5 Ne1 78. d6 Nxf3 79. d7 Rd8 80. Kc6 N3e5+ 0-1

[Event "Early-Titled-Tuesday-Blitz-January-16-2024"]
[Site "Chess.com"]
[Date "2024.01.16"]
[Round "7"]
[White "YurasovMat-2012"]
[Black "Garbaranza"]
[Result "1-0"]
[WhiteElo "2592"]
[BlackElo "2430"]
[TimeControl "180+1"]
[EndTime "9:24:17 PST"]
[Termination "YurasovMat-2012 won by checkmate"]

1. e4 e5 2. Nf3 Nc6 3. Bc4 Bc5 4.
O-O d6 5. d3 h6 6. c3 Qf6 7.
Be3 Nge7 8. d4 Bb6 9. Nbd2 Ng6 10. Bd5 Nce7 11. Bb3 a6 12. Nc4 Ba7 13. dxe5 dxe5 14. Bxa7 Rxa7 15. Ne3 Nf4 16. Nd2 O-O 17. Re1 Rd8 18.
Qc2 Neg6 19. Nd5 Qg5 20. g3 Nh3+ 21. Kf1 c6 22. Ne3 Qf6 23. Nf5 Ne7 24. Nxe7+ Qxe7 25.
Kg2 Qg5 26. Re3 b5 27. Nf3 Qh5 28. Rd1 Rad7 29. Rxd7 Rxd7 30. Rd3 Ng5 31. Nxe5 Qh3+ 32. Kg1 Rxd3 33. Qxd3 Kh7 34. f4 Ne6 35. Nxf7 Nxf4 36. Qf3 Ng6 37. e5 Qf5 38. Qxf5 Bxf5 39. e6 Ne7 40.
Nd6 Kg6 41. Kf2 Kf6 42. Ne8+ Ke5 43. Nxg7 Bg4 44. Ne8 c5 45. Ke3 c4 46. Bc2 Bxe6 47.
Nc7 Nd5+ 48. Nxd5 Bxd5 49. g4 a5 50. h4 b4 51. g5 hxg5 52. hxg5 b3 53. axb3 cxb3 54.
Bb1 a4 55. g6 Bg8 56. Kd2 Kd5 57. Bd3 Kc5 58. Ke3 a3 59. bxa3 b2 60. Bb1 Kb5 61. Kd2 Ka4 62. c4 Kxa3 63. Kc3 Ka4 64. Kxb2 Ka5 65. Ba2 Kb6 66. c5+ Kxc5 67. Bxg8 Kd6 68. g7 Ke7 69. Ba2 Kf6 70. g8=Q Ke5 71. Qe6+ Kd4 72.
Qd5+ Ke3 73. Kc3 Ke2 74. Qd4 Kf3 75. Bd5+ Kg3 76. Qe3+ Kg4 77. Be6+ Kh5 78. Qg3 Kh6 79. Bf5 Kh5 80. Kd4 Kh6 81. Qg6# 1-0